 Dungeon Crawl Stone Soup version 0.25.0-1-g7eea58d (webtiles) character file.

Game seed: 14119000942681017563

32 jorbis the Conjurer (level 3, -1/15 HPs)
             Began as a Felid Conjurer on June 26, 2020.
             Slain by a rat (3 damage)
             ... on level 1 of the Dungeon.
             The game lasted 00:03:35 (832 turns).

jorbis the Conjurer (Felid Conjurer)                 Turns: 832, Time: 00:03:36

Health: -1/15      AC:  1    Str:  5    XL:     3   Next: 10%
Magic:  4/7        EV: 18    Int: 16    God:
Gold:   28         SH:  0    Dex: 16    Spells: 5/6 levels left
                                        Lives:  0   Deaths: 0

rFire    . . .     SeeInvis +     - Unarmed
rCold    . . .     Gourm    .   (shield unavailable)
rNeg     . . .     Faith    .   (armour unavailable)
rPois    .         Spirit   .   (helmet unavailable)
rElec    .         Reflect  .   (cloak unavailable)
rCorr    .         Harm     .   (gloves unavailable)
MR       .....                  (boots unavailable)
Stlth    +++.......             (no amulet)
HPRegen  0.05/turn              (no ring)
MPRegen  0.10/turn              (no ring)

@: quick
A: very small, no armour, no weapons or thrown items, stealth, claws 1, fangs 3,
see invisible, carnivore, speed 1, shaggy fur 1, slow metabolism 1, sharp paws
a: no special abilities


You were on level 1 of the Dungeon.
You were very full.

You visited 1 branch of the dungeon, and saw 2 of its levels.

You collected 28 gold pieces.

Inventory:

Scrolls
 a - a scroll of enchant armour {unknown}
Potions
 c - a potion of haste {unknown}
Comestibles
 b - 2 rations


   Skills:
 * Level 1.1 Fighting
 + Level 3.0 Dodging
 + Level 3.0 Stealth
 * Level 1.3 Unarmed Combat
 + Level 2.1 Spellcasting
 + Level 3.7 Conjurations


You had 5 spell levels left.
You knew the following spells:

 Your Spells              Type           Power        Failure   Level  Hunger
a - Magic Dart            Conj           ##..         4%          1    #......

Your spell library contained the following spells:

 Spells                   Type           Power        Failure   Level  Hunger
 Searing Ray              Conj           ##....       7%          2    ###....
 Dazzling Flash           Conj/Hex       #.....       28%         3    ###....
 Fulminant Prism          Conj/Hex       #.........   67%         4    #####..
 Iskenderun's Mystic Bla  Conj/Tloc      #.......     67%         4    #####..


Dungeon Overview and Level Annotations

Branches:
Dungeon (2/15)

Altars:


Innate Abilities, Weirdness & Mutations

You cannot wear armour.
You are incapable of wielding weapons or throwing items.
Your paws allow you to move quietly. (Stealth)
You have sharp claws.
You have razor-sharp teeth.
You have supernaturally acute eyesight. (SInv)
You are carnivorous and can eat meat at any time.
You cover ground quickly.
You are covered in fur. (AC +1)
You have a slow metabolism.
Your sharp claws are effective at attacking unaware monsters.


Message History

There is an escape hatch in the ceiling here.
The helpless worm fails to defend itself.
You claw the worm!
The worm is heavily wounded.
The worm barely misses you.
You scratch the worm but do no damage.
The worm is heavily wounded.
The worm bites you.
Sorry, you're not good enough to have a special ability.
Unknown command.
Unknown command.
A mysterious force pulls you upwards.
The hatch slams shut behind you. 4 rats come into view.
Found a mace and 20 arrows.
The worm bites you!
Ouch! That really hurt!
* * * LOW HITPOINT WARNING * * *
A rat comes into view.
The rat bites you.
You die...

#.........#.....######..)....
#.........#.#####.......##...
..##............................
#.#..........)..####.#####.#....
#...............#..#.# ..#....
###..............+....# .## ...
...........#######.<### . ..
...........# ###r+..# ##
#..........###..@####
#.........##...##
##.........##..##
.....##....#r.r##
....รท#####.#)r.w# #..#..#
#.#....# ..###.## .#....# ..#
#..# .#..r## ..# ##.## ##(.# #


You could see 4 rats.

Vanquished Creatures
  An adder (D:2)
  An ooze (D:1)
  A dart slug (D:1)
  A giant cockroach (D:1)
  4 goblins (D:1)
  2 hobgoblins (D:1)
  A ball python (D:1)
  A bat (D:1)
  A frilled lizard (D:1)
  A kobold (D:1)
  5 rats (D:1)
19 creatures vanquished.

Notes
Turn   | Place    | Note
-------+----------+-------------------------------------------
     0 | D:1      | jorbis the Felid Conjurer began the quest for the Orb.
     0 | D:1      | Reached XP level 1. HP: 7/7 MP: 4/4
   408 | D:1      | Reached XP level 2. HP: 12/12 MP: 0/6
   587 | D:1      | Reached skill level 1 in Unarmed Combat
   669 | D:1      | Reached skill level 1 in Fighting
   781 | D:1      | You fall into a shaft and drop 1 floor!
   805 | D:2      | Reached XP level 3. HP: 15/15 MP: 2/7
   832 | D:1      | Slain by a rat

Illustrated notes

Levels and vault maps discovered:
D:1:      dpeg_arrival_ratfight, layout_rooms, kennysheep_flooded_box
D:2:      layout_basic

Skill      XL: |  1  2 |
---------------+-------+-----
Unarmed Combat | 1 |  1.3
Dodging        | 3 |  3.0
Fighting       | 1 |  1.1
Stealth        | 3 |  3.0
Spellcasting   | |  2.1
Conjurations   | |  3.7

Action                   || total
-------------------------++-------
Melee: Unarmed           ||    22
       Bite              ||     1
 Cast: Magic Dart        ||    35
 Stab: Sleeping          ||     1
  Eat: Chunk             ||     6
Armor: Skin              ||     1
Dodge: Dodged            ||    17
